 Dungeon Crawl Stone Soup version 0.31-a0-267-g3fc6992b3b (webtiles) character file.

Game seed: 13950848848411245659

1343 qw the Skirmisher (level 8, -2/49 HPs)
             Began as a Gargoyle Hexslinger on July 13, 2023.
             Shot with an arrow by a centaur (13 damage)
             ... on level 6 of the Dungeon.
             The game lasted 00:01:58 (4888 turns).

qw the Skirmisher (Gargoyle Hexslinger)             Turns: 4888, Time: 00:01:59

Health: -2/49      AC: 17    Str: 12    XL:     8   Next: 62%
Magic:  9/9        EV: 12    Int: 14    God:
Gold:   292        SH:  0    Dex: 14    Spells: 8/9 levels left

rFire   . . .        Y - +4 sling (elec)
rCold   + . .        (no shield)
rNeg    + . .        h - +3 leather armour {rC+}
rPois   inf          (no helmet)
rElec   +            (no cloak)
rCorr   .            f - +2 pair of gloves
SInv    .            j - +2 pair of boots
Will    +....        (no amulet)
Stlth   +            i - ring of willpower
HPRegen 0.28/turn    (no ring)
MPRegen 0.11/turn

%: no passive effects
@: about to teleport
A: sickness immunity, AC +5, negative energy resistance 1, electricity
resistance, torment resistance 1, petrification resistance
a: no special abilities


You were on level 6 of the Dungeon.
You visited 1 branch of the dungeon, and saw 6 of its levels.

You collected 292 gold pieces.


Innate Abilities, Weirdness & Mutations

You are immune to sickness and miasma.
Your stone body is resilient. (AC +5)
You are immune to poison.
You resist negative energy. (rN+)
You are resistant to electric shocks. (rElec)
You are resistant to unholy torment.
You are immune to petrification.


   Skills:
 - Level 5.2 Fighting
 + Level 8.8 Ranged Weapons
 - Level 1.0 Armour
 - Level 2.6 Dodging
 - Level 1.0 Spellcasting
 - Level 2.6 Hexes


You had 8 spell levels left.
You knew the following spells:

 Your Spells              Type           Power      Damage    Failure   Level
a - Slow                  Hex            32%        N/A       11%         1

Your spell library contained the following spells:

 Spells                   Type           Power      Damage    Failure   Level
 Inner Flame              Hex/Fire       4%         N/A       50%         3
 Portal Projectile        Hex/Tloc       8%         N/A       50%         3
 Cause Fear               Hex            4%         N/A       73%         4

Inventory:

Hand Weapons
 Y - a +4 sling of electrocution (weapon)
Armour
 f - a +2 pair of gloves (worn)
 h - a +3 leather armour of cold resistance (worn)
 j - a +2 pair of boots (worn)
Jewellery
 i - a ring of willpower (left hand)
Wands
 k - a wand of digging (5)
Scrolls
 g - a scroll of identify
Potions
 a - a potion of mutation
 b - a potion of curing
 c - a potion of attraction {unknown}
 d - a potion of resistance
 l - a potion of haste {unknown}

Dungeon Overview and Level Annotations

Branches:
Dungeon (6/15)
 Temple: D:4-7

Altars:
Uskayaw
The Shining One

Shops:
D:1 =


Message History

The sling bullet closely misses the orc wizard.
You hear a shout!
The orc wizard hits you but does no damage.
You shoot a sling bullet.
The sling bullet barely misses the orc wizard.
An orc comes into view. It is wielding a +0 short sword.
The orc wizard points at you and mumbles some strange words.
The magic dart hits you.
You shoot a sling bullet.
The sling bullet closely misses the orc wizard.
The orc wizard hits you but does no damage.
You shoot a sling bullet. The sling bullet hits the orc wizard!
Lightning courses through the orc wizard!
You kill the orc wizard!
You shoot a sling bullet. The sling bullet hits the orc!
You kill the orc!
You start resting.
HP restored.
Items here: %% )) [.
Things that are here:
a +0 club; a +0 chain mail
Things that are here:
a +0 dagger; a +0 robe; an orc corpse
l - a sedimented purple potion A centaur comes into view.
The centaur shouts!
The centaur wields a +0 orcbow.
The centaur shoots an arrow.
The arrow hits you!
The centaur shoots an arrow.
The arrow hits you!
You shoot a sling bullet. The sling bullet hits the centaur.
The centaur is lightly wounded.
The centaur shoots an arrow.
The arrow hits you!
You shoot a sling bullet. The sling bullet hits the centaur.
The centaur is moderately wounded.
The centaur shoots an arrow.
The arrow hits you.
The centaur shoots an arrow.
The arrow misses you.
4888 ||| READING scroll of teleportation.
As you read the scroll of teleportation, it crumbles to dust.
You feel strangely unstable.
The centaur shoots an arrow.
The arrow hits you!
You die...

####### ......#
#####.##### ..#.......#
#.#.#.###.# #.#.#.#.#.#
#.#)#.#.#.# #.#)#.#.#.#
######## ..).#.#<..#
#@.....#
.....>##########.####c#
.................#
....#.##########.#
...<#.# ### ##..#.#
...#.. ##.##.. .. #...


You could see a centaur.

Vanquished Creatures
  A water moccasin (D:5)
  2 ice beasts (D:5)
  3 ogres
  A scorpion (D:3)
  3 wights
  A crimson imp (D:4)
  3 hounds
  2 iguanas
  2 orc priests
  Ijyb (D:4)
  A sleepcap (D:5)
  6 orc wizards
  5 adders
  2 worms (D:2)
  A dart slug (D:3)
  14 orcs
  8 bats
  6 endoplasms
  3 giant cockroaches (D:4)
  7 goblins
  10 hobgoblins
  4 jackals
  6 quokkas
  7 ball pythons
  A frilled lizard (D:1)
  2 goblin skeletons (D:4)
  A goblin zombie (D:4)
  2 hobgoblin zombies (D:4)
  9 kobolds
  An orc zombie (D:4)
  9 rats
124 creatures vanquished.

Notes
Turn   | Place    | Note
-------+----------+-------------------------------------------
     0 | D:1      | qw the Gargoyle Hexslinger began the quest for the Orb.
     0 | D:1      | Reached XP level 1. HP: 12/12 MP: 2/2
     0 | D:1      | 0 ||| qw: Version: 0.3-a-52-g30416fa
     0 | D:1      | 0 ||| qw: Game counter: 7742
     0 | D:1      | 0 ||| qw: Melee chars always use a shield: true
     0 | D:1      | 0 ||| qw: God list: Okawaru
     0 | D:1      | 0 ||| qw: Allow faded altars: false
     0 | D:1      | 0 ||| qw: Do Orc after clearing Dungeon:15 true
     0 | D:1      | 0 ||| qw: Do second Lair branch before Depths: true
     0 | D:1      | 0 ||| qw: Lair rune preference: random
     0 | D:1      | 0 ||| qw: Goals: Normal
     0 | D:1      | 0 ||| PLANNING D:1-11
   273 | D:1      | Reached XP level 2. HP: 16/16 MP: 3/3
   360 | D:1      | Reached skill level 3 in Ranged Weapons
   447 | D:1      | Found Vuir's Jewellery Boutique.
   461 | D:1      | Reached XP level 3. HP: 19/21 MP: 4/4
   470 | D:1      | 470 ||| SHOPLISTING +6 ring of dexterity (396 gold, have
                  | 71).
   470 | D:1      | 470 ||| SHOPLISTING amulet of reflection (330 gold, have
                  | 71).
   470 | D:1      | 470 ||| SHOPLISTING amulet of regeneration (330 gold, have
                  | 71).
   470 | D:1      | 470 ||| SHOPLISTING ring of ice (275 gold, have 71).
   470 | D:1      | 470 ||| SHOPLISTING ring of see invisible (165 gold, have
                  | 71).
   986 | D:1      | 986 ||| UPGRADING to +0 leather armour.
   996 | D:1      | 996 ||| DROPPING +0 robe.
   997 | D:1      | 997 ||| UPGRADING to +2 pair of gloves.
  1002 | D:1      | 1002 ||| UPGRADING to +2 pair of boots.
  1007 | D:1      | 1007 ||| UPGRADING to ring of willpower.
  1008 | D:1      | 1008 ||| READING scroll labelled LUIRGH RARUITT.
  1009 | D:1      | 1009 ||| READING 3 scrolls labelled ZOESCH FATH.
  1010 | D:1      | 1010 ||| READING scroll labelled EMOGGUMAMO.
  1011 | D:1      | 1011 ||| READING scroll labelled KULETI UKHLUETO.
  1016 | D:1      | 1016 ||| DROPPING scroll of poison.
  1501 | D:2      | Reached XP level 4. HP: 26/26 MP: 5/5
  1549 | D:2      | Reached skill level 4 in Ranged Weapons
  1737 | D:2      | 1737 ||| READING scroll labelled EWOYRRUMOQ.
  1738 | D:2      | 1738 ||| DRINKING 2 grey potions.
  1739 | D:2      | 1739 ||| READING 3 scrolls of identify.
  1739 | D:2      | 1739 ||| IDENTIFYING smoky amethyst potion
  1740 | D:2      | 1740 ||| READING 2 scrolls of identify.
  1740 | D:2      | 1740 ||| IDENTIFYING metallic blue potion
  1741 | D:2      | 1741 ||| DROPPING potion of degeneration.
  1742 | D:2      | 1742 ||| DROPPING potion of lignification.
  1832 | D:3      | Found a hide-covered altar of Uskayaw.
  1832 | D:3      | Noticed a +0 dagger
  1833 | D:3      | Noticed a +0 spear
  1833 | D:3      | Noticed a +0 short sword
  1834 | D:3      | Noticed a +0 dagger
  1834 | D:3      | Noticed a +0 short sword
  1835 | D:3      | Noticed a +0 spear
  1835 | D:3      | Noticed a +0 falchion
  1837 | D:3      | Noticed a +0 falchion
  2134 | D:3      | Reached XP level 5. HP: 30/30 MP: 6/6
  2286 | D:3      | 2286 ||| UPGRADING to +0 ring mail.
  2296 | D:3      | 2296 ||| DROPPING +0 leather armour.
  2297 | D:3      | 2297 ||| READING scroll labelled UCRIPI UGHAENOC.
  2398 | D:3      | 2398 ||| READING 2 scrolls of identify.
  2398 | D:3      | 2398 ||| IDENTIFYING fuming inky potion
  2411 | D:4      | 2411 ||| STAIRDANCE
  2420 | D:3      | Reached skill level 1 in Armour
  2426 | D:3      | Reached skill level 5 in Ranged Weapons
  2465 | D:4      | 2465 ||| STAIRDANCE
  2474 | D:3      | HP: 4/30 [wight/+3 short sword (4)]
  2475 | D:3      | 2475 ||| DRINKING potion of heal wounds.
  2484 | D:3      | Reached skill level 3 in Fighting
  2484 | D:3      | Reached XP level 6. HP: 27/37 MP: 7/7
  2533 | D:4      | 2533 ||| STAIRDANCE
  2587 | D:4      | 2587 ||| STAIRDANCE
  2607 | D:4      | 2607 ||| STAIRDANCE
  2666 | D:4      | 2666 ||| STAIRDANCE
  2715 | D:4      | Reached skill level 6 in Ranged Weapons
  2776 | D:4      | Reached XP level 7. HP: 44/44 MP: 8/8
  2877 | D:4      | 2877 ||| Stepping ~*~*~tactically~*~*~ (outnumbered).
  3000 | D:4      | Noticed Ijyb
  3014 | D:4      | Killed Ijyb
  3157 | D:4      | Found a glowing golden altar of the Shining One.
  3400 | D:4      | 3400 ||| UPGRADING to +3 leather armour of cold resistance.
  3410 | D:4      | 3410 ||| DROPPING +0 ring mail.
  3411 | D:4      | 3411 ||| DROPPING ring of flight.
  3412 | D:4      | 3412 ||| READING scroll labelled OMIWNI ADIS.
  3413 | D:4      | 3413 ||| READING scroll labelled IBBIOPTIAHYR.
  3414 | D:4      | 3414 ||| DRINKING 2 lumpy cyan potions.
  3415 | D:4      | 3415 ||| DRINKING 2 glowing yellow potions.
  3416 | D:4      | 3416 ||| DROPPING potion of invisibility.
  3422 | D:5      | Entered Level 5 of the Dungeon
  3441 | D:5      | Reached skill level 7 in Ranged Weapons
  3555 | D:5      | Reached XP level 8. HP: 48/48 MP: 9/9
  3557 | D:5      | 3557 ||| FLEEEEING.
  3558 | D:5      | 3558 ||| FLEEEEING.
  3559 | D:5      | 3559 ||| FLEEEEING.
  3560 | D:5      | 3560 ||| FLEEEEING.
  3561 | D:5      | 3561 ||| FLEEEEING.
  3567 | D:5      | 3567 ||| FLEEEEING.
  3569 | D:5      | 3569 ||| FLEEEEING.
  3570 | D:5      | 3570 ||| FLEEEEING.
  3571 | D:5      | 3571 ||| FLEEEEING.
  3572 | D:5      | 3572 ||| FLEEEEING.
  3573 | D:5      | 3573 ||| FLEEEEING.
  3574 | D:5      | 3574 ||| FLEEEEING.
  3575 | D:5      | 3575 ||| FLEEEEING.
  3576 | D:5      | 3576 ||| FLEEEEING.
  3577 | D:5      | 3577 ||| FLEEEEING.
  3592 | D:5      | Reached skill level 8 in Ranged Weapons
  3593 | D:5      | 3593 ||| FLEEEEING.
  3594 | D:5      | 3594 ||| FLEEEEING.
  3597 | D:5      | 3597 ||| FLEEEEING.
  3601 | D:5      | 3601 ||| FLEEEEING.
  3602 | D:5      | 3602 ||| FLEEEEING.
  3603 | D:5      | 3603 ||| FLEEEEING.
  3604 | D:5      | 3604 ||| FLEEEEING.
  3605 | D:5      | 3605 ||| FLEEEEING.
  3607 | D:5      | 3607 ||| FLEEEEING.
  3608 | D:5      | 3608 ||| FLEEEEING.
  3609 | D:5      | 3609 ||| FLEEEEING.
  3610 | D:5      | 3610 ||| FLEEEEING.
  3611 | D:5      | 3611 ||| STAIRDANCE
  3914 | D:5      | 3914 ||| READING scroll of enchant weapon.
  3914 | D:5      | 3914 ||| ENCHANTING +2 sling of electrocution.
  3940 | D:5      | 3940 ||| READING scroll of enchant weapon.
  3940 | D:5      | 3940 ||| ENCHANTING +3 sling of electrocution.
  4749 | D:5      | 4749 ||| DROPPING scarf of shadows.
  4750 | D:5      | 4750 ||| READING 2 scrolls of identify.
  4750 | D:5      | 4750 ||| IDENTIFYING sapphire potion
  4887 | D:6      | HP: 11/49 [centaur/arrow (6)]
  4888 | D:6      | 4888 ||| READING scroll of teleportation.
  4888 | D:6      | Shot with an arrow by a centaur

Levels and vault maps discovered:
D:1:      elethiomel_arrival_quiet, layout_basic, serial_forest,
          infiniplex_forest_clump_curved, infiniplex_forest_corner_2,
          infiniplex_forest_split, infiniplex_forest_end_1,
          infiniplex_forest_fountain, infiniplex_forest_corner_1,
          infiniplex_forest_clump_C, infiniplex_forest_clump_curved,
          infiniplex_forest_straight_1, serial_shops, shop,
          minmay_small_reverse_x
D:2:      minmay_chambers_of_twos, layout_loops_ring
D:3:      layout_loops_ring, nicolae_uskayaw_en_pointe,
          minmay_misc_feat_secret_circle, chequers_jeans
D:4:      layout_basic, nicolae_tso_besieged_by_evil, uniq_ijyb
D:5:      layout_layer_cave, kennysheep_nondescript, corexii_checkpoint_b,
          kennysheep_generic_room_2
D:6:      minmay_skewed_foursquare, layout_basic, grunt_temple_overflow_open,
          lemuel_temple_firewalk_b, serial_shops, nicolae_inconvenience_store,
          gammafunk_ghost_necromancy

Skill      XL: |  1  2  3  4  5  6  7  8 |
---------------+-------------------------+-----
Ranged Weapons | 3 4 5 6 7 8 |  8.8
Fighting       | 2 3 4 5 |  5.2
Armour         | 1 |  1.0
Dodging        | 2 |  2.6
Spellcasting   | |  1.0
Hexes          | |  2.6

Action                     |  1- 3 |  4- 6 |  7- 9 || total
---------------------------+-------+-------+-------++-------
   Fire: Sling             |   111 |   124 |   170 ||   405
    Use: Scroll            |     4 |     5 |     6 ||    15
         Potion            |       |     2 |     2 ||     4
 Armour: Robe              |    11 |       |       ||    11
         Leather armour    |     1 |    13 |    10 ||    24
         Ring mail         |       |    82 |    29 ||   111
  Dodge: Dodged            |    32 |    82 |    34 ||   148

Table legend:
 A = Non-vault XP
 B = Vault XP
 C = Vault XP percentage of total XP
 D = Non-vault monster count
 E = Vault monster count
 F = Vault count percentage of total count
                 A         B        C        D         E       F
            +---------+---------+-------+---------+---------+-------
      Total |    1791 |     128 |   6.7 |     101 |      23 |  18.5
            +---------+---------+-------+---------+---------+-------
        D:1 |      47 |       5 |   9.6 |      30 |       4 |  11.8
        D:2 |      27 |      18 |  40.0 |       6 |       8 |  57.1
        D:3 |     259 |       0 |   0.0 |      20 |       0 |   0.0
        D:4 |     456 |      88 |  16.2 |      25 |       8 |  24.2
        D:5 |     885 |      17 |   1.9 |      16 |       3 |  15.8
        D:6 |     117 |       0 |   0.0 |       4 |       0 |   0.0
            +---------+---------+-------+---------+---------+-------
